 Dungeon Crawl Stone Soup version 0.19.4-10-g532645f (webtiles) character file.

39 Rrauwl the Gusty (level 3, 0/24 HPs)
             Began as a Demonspawn Air Elementalist on Feb 25, 2017.
             Slain by a goblin
             ... wielding a +0 hand axe
              (3 damage)
             ... on level 1 of the Dungeon.
             The game lasted 00:03:33 (1088 turns).

Rrauwl the Gusty (Demonspawn Air Elementalist)      Turns: 1088, Time: 00:03:34

Health: 0/24       AC:  2    Str:  9    XL:     3   Next: 28%
Magic:  3/6        EV:  6    Int: 16    God:
Gold:   28         SH:  0    Dex: 13    Spells: 1 memorised, 5 levels left

rFire  . . .     SeeInvis .     i - +2 dagger (venom)
rCold  . . .     Gourm    .     a - +0 robe
rNeg   . . .     Faith    .     (no shield)
rPois  .         Spirit   .     (helmet restricted)
rElec  .         Reflect  .     (no cloak)
rCorr  .         Harm     .     (no gloves)
MR     .....                    (no boots)
Stlth  ++........               (no amulet)
                                (no ring)
                                (no ring)

@: held
A: antennae 1
a: no special abilities


You were on level 1 of the Dungeon.
You were not hungry.

You visited 1 branch of the dungeon, and saw 1 of its levels.

You collected 28 gold pieces.

Inventory:

Hand Weapons
 i - a +2 dagger of venom (weapon)
Armour
 a - a +0 robe (worn)
Scrolls
 e - a scroll of identify {unknown}
 h - a scroll of remove curse {unknown}
 j - a scroll of enchant armour {unknown}
Potions
 d - a potion of haste {unknown}
 f - a potion of cancellation {unknown}
 g - a potion of lignification {unknown}
Books
 b - a book of Air

   Spells                             Type                      Level
   a - Shock                          Conjuration/Air              1
   b - Swiftness                      Charms/Air                   2
   c - Repel Missiles                 Charms/Air                   2
   d - Static Discharge               Conjuration/Air              3
   e - Lightning Bolt                 Conjuration/Air              5
Comestibles
 c - a bread ration
 k - 8 chunks of flesh
 l - a meat ration


   Skills:
 + Level 1.0 Armour
 + Level 2.2 Dodging
 - Level 2.0 Stealth
 + Level 2.1 Spellcasting
 + Level 1.6 Conjurations
 + Level 2.9 Air Magic


You had 5 spell levels left.
You knew the following spells:

 Your Spells              Type           Power        Failure   Level  Hunger
a - Shock                 Conj/Air       #...         10%         1    #......


Dungeon Overview and Level Annotations

Branches:
Dungeon (1/15)

Altars:


Innate Abilities, Weirdness & Mutations

You have a pair of small antennae on your head.


Message History

The zap hits the goblin.
The goblin is moderately wounded.
Casting: Shock
Confirm with . or Enter, or press ? or * to list all spells.
Aiming: Shock
Press: ? - help, Shift-Dir - straight line, f/p - goblin
Aim: a goblin, wielding a hand axe and wearing a ring mail (moderately wounded)
The zap misses the goblin.
The goblin hits you but does no damage.
Casting: Shock
Confirm with . or Enter, or press ? or * to list all spells.
Aiming: Shock
Press: ? - help, Shift-Dir - straight line, f/p - goblin
Aim: a goblin, wielding a hand axe and wearing a ring mail (moderately wounded)
The zap hits the goblin.
The goblin is heavily wounded.
The bat hits you. x2; The goblin hits you with a hand axe.
* * * LOW HITPOINT WARNING * * *
You struggle against the net.
The bat hits you but does no damage. x2
The goblin hits you with a hand axe.
You die...

#### ##.##.#.........
)..# ##
#.........#.... ##.#
.. #.###...####### #.#
# #. #......## #.# #.
#. #####.#### #.# ..
#> #......# ##.#
.###.#. #.#.##.# ...#
......b#####.#.##.####
####
#...g@.[............
#..#.##.##..###.####
... ... #.##.(....# #
#..#. #.###..####
#..#. #.# ##.# #. ..
..# .# # #.#### .# ..
.# .#


You could see a goblin and a bat.

Vanquished Creatures
  A gnoll (D:1)
  An adder (D:1)
  A dart slug (D:1)
  A leopard gecko (D:1)
  A giant cockroach (D:1)
  3 hobgoblins (D:1)
  2 jackals (D:1)
  2 bats (D:1)
  2 frilled lizards (D:1)
  3 kobolds (D:1)
  2 rats (D:1)
19 creatures vanquished.

Notes
Turn   | Place    | Note
-------+----------+-------------------------------------------
     0 | D:1      | Rrauwl the Demonspawn Air Elementalist began the quest for the Orb.
     0 | D:1      | Reached XP level 1. HP: 13/13 MP: 3/3
   418 | D:1      | Gained mutation: You have a pair of small antennae on your head. [demonic ancestry]
   418 | D:1      | Reached XP level 2. HP: 5/19 MP: 0/5
   866 | D:1      | Reached skill level 1 in Armour
   866 | D:1      | Reached XP level 3. HP: 8/24 MP: 3/6
  1088 | D:1      | Slain by a goblin

Skill      XL: |  1  2 |
---------------+-------+-----
Dodging        | 2 |  2.2
Stealth        | 2 |  2.0
Armour         | 1 |  1.0
Spellcasting   | |  2.1
Conjurations   | |  1.6
Air Magic      | |  2.9

Action                   || total
-------------------------++-------
Melee: Short sword       ||    21
       Dagger            ||    29
 Cast: Shock             ||    14
 Stab: Sleeping          ||     3
  Eat: Chunk             ||     1
Armor: Robe              ||     8
Dodge: Dodged            ||    27
